 Dungeon Crawl Stone Soup version 0.18-a0-327-gb1de508 (webtiles) character file.

21 Duffy the Chucker (level 2, 0/26 HPs)
             Began as a Naga Hunter on Nov 27, 2015.
             Slain by a hobgoblin
             ... wielding a +0 club
              (2 damage)
             ... on level 1 of the Dungeon.
             The game lasted 00:01:00 (1179 turns).

Duffy the Chucker (Naga Hunter)                     Turns: 1179, Time: 00:01:01

Health: 0/26       AC:  2    Str: 14    XL:     2   Next: 83%
Magic:  2/2        EV:  9    Int: 11    God:
Gold:   13         SH:  0    Dex: 11    Spells: 0 memorised, 1 level left

rFire  . . .     SeeInvis +     a - +0 short sword
rCold  . . .     Clarity  .     b - +0 leather armour
rNeg   . . .     SustAt   .     (no shield)
rPois  +         Gourm    .     (no helmet)
rElec  .         Spirit   .     (no cloak)
rCorr  .         Warding  .     (no gloves)
rMut   .         Stasis   .     (no barding)
MR     .....                    (no amulet)
Stlth  ++........               (no ring)
                                (no ring)

@: very slow, not resistant to hostile enchantments, unstealthy
A: see invisible, deformed body, poison resistance, slowness 2, slow metabolism
1, spit poison 2, AC +0
a: Spit Poison


You were on level 1 of the Dungeon.
You were not hungry.

You visited 1 branch of the dungeon, and saw 1 of its levels.

You collected 13 gold pieces.


Innate Abilities, Weirdness & Mutations

You cannot wear boots.
Your serpentine skin is tough (AC +0).
You have supernaturally acute eyesight.
Armour fits poorly on your strangely shaped body.
Your system is resistant to poisons.
You cover ground very slowly.
You have a slow metabolism.
You can spit poison.


   Skills:
 - Level 2.0 Fighting
 + Level 4.3 Throwing
 - Level 1.5 Dodging
 - Level 1.5 Stealth


You had one spell level left.
You didn't know any spells.

Inventory:

Hand Weapons
 a - a +0 short sword (weapon)
Missiles
 c - 6 javelins (quivered)
 d - 2 throwing nets
Armour
 b - a +0 leather armour (worn)
Scrolls
 g - a scroll of teleportation {unknown}
 h - a scroll of remove curse {unknown}
Potions
 f - 2 potions of curing {unknown}
 i - a potion of resistance {unknown}
 j - a potion of flight {unknown}
 k - a potion of cure mutation {unknown}
Comestibles
 e - a bread ration

Dungeon Overview and Level Annotations

Branches:
Dungeon (1/15)

Altars:
The Shining One


Message History

You are too injured to fight recklessly!
You are too injured to fight recklessly!
The hobgoblin hits you but does no damage.
Press: ? - help, Shift-Dir - straight line, f - rat
Aim: a rat The splash of poison hits the rat.
You kill the rat!
You feel slightly more hungry. The hobgoblin closely misses you.
You are too injured to fight recklessly!
You are too injured to fight recklessly!
You are too injured to fight recklessly!
You are too injured to fight recklessly!
You are too injured to fight recklessly!
You hit the hobgoblin but do no damage.
You have got your breath back.
The hobgoblin closely misses you.
You closely miss the hobgoblin. The hobgoblin hits you with a club.
The hobgoblin completely misses you.
You hit the hobgoblin.
The hobgoblin is heavily wounded.
The hobgoblin hits you.
You completely miss the hobgoblin.
The hobgoblin is heavily wounded.
The hobgoblin completely misses you. The hobgoblin hits you with a club.
The hobgoblin completely misses you.
You hit the hobgoblin.
You kill the hobgoblin!
The hobgoblin hits you with a club.
The hobgoblin hits you but does no damage.
The kobold throws a stone.
The stone hits you but does no damage.
You swing at nothing.
The hobgoblin hits you but does no damage.
The hobgoblin hits you with a club.
You die...

#..... #...#
#################...######
..................%.......
..........%...............
##...............#.#......
#.############.K#g# .....
#.# #g.#K. r... ##'###
#g@#... .#. .....#
####..#. .. .....# #.....
. .....# #... .. .....#
...### ...# ...# ...######


You could see 2 hobgoblins and a kobold.

Action                   || total
-------------------------++-------
Melee: Short sword       ||    70
 Abil: Spit Poison       ||     4
 Stab: Sleeping          ||     3

Notes
Turn   | Place    | Note
--------------------------------------------------------------
     0 | D:1      | Duffy the Naga Hunter began the quest for the Orb.
     0 | D:1      | Reached XP level 1. HP: 19/19 MP: 1/1
   189 | D:1      | Found a glowing golden altar of the Shining One.
   291 | D:1      | Reached skill level 4 in Throwing
   291 | D:1      | Reached XP level 2. HP: 19/26 MP: 2/2
  1179 | D:1      | Slain by a hobgoblin

Vault maps used:
D:1:      dpeg_arrival_renting, minmay_large_rounded_square,
          hangedman_abyss_or_decor_lesser_grid, tso_metal_star

Vanquished Creatures
  2 giant cockroaches
  3 hobgoblins
  2 kobolds
  2 ball pythons
  5 bats
  A giant gecko
  A giant newt
  2 goblins
  3 rats
21 creatures vanquished.
